 Dungeon Crawl Stone Soup version 0.21.1-1-g345015f (webtiles) character file.

122 inc the Chiller (level 4, 18/18 HPs)
             Began as a Felid Ice Elementalist on Feb 21, 2018.
             Quit the game on level 5 of the Dungeon.
             The game lasted 00:07:39 (3978 turns).

inc the Chiller (Felid Ice Elementalist)            Turns: 3978, Time: 00:07:39

Health: 18/18      AC:  1    Str:  4    XL:     4   Next: 78%
Magic:  8/8        EV: 18    Int: 17    God:
Gold:   195        SH:  0    Dex: 17    Spells: 3/7 levels left
                                        Lives:  0   Deaths: 1

rFire    + . .     SeeInvis +   (weapon unavailable)
rCold    . . .     Gourm    .   (shield unavailable)
rNeg     . . .     Faith    .   (armour unavailable)
rPois    .         Spirit   .   (helmet unavailable)
rElec    .         Reflect  .   (cloak unavailable)
rCorr    .         Harm     .   (gloves unavailable)
MR       .....                  (boots unavailable)
Stlth    +++.......             (no amulet)
HPRegen  0.06/turn              m - ring of protection from fire
MPRegen  0.11/turn              (no ring)

@: quick
A: very small, no armour, no weapons or thrown items, stealth, claws 1, fangs 3,
see invisible, carnivore, speed 1, shaggy fur 1, slow metabolism 1, sharp paws
a: no special abilities


You were on level 5 of the Dungeon.
You were not hungry.

You visited 1 branch of the dungeon, and saw 5 of its levels.
You also visited: Ossuary.

You collected 195 gold pieces.

Inventory:

Jewellery
 j - an uncursed ring of see invisible
 m - a ring of protection from fire (left paw)
 t - a cursed amulet of inaccuracy {unknown}
Wands
 u - a wand of iceblast (6)
Scrolls
 c - 3 scrolls of identify {unknown}
 d - 3 scrolls of teleportation {unknown}
 f - a scroll of enchant armour {unknown}
 i - a scroll of enchant weapon {unknown}
 l - a scroll of remove curse {unknown}
 o - a scroll of amnesia {unknown}
 r - a scroll of fog {unknown}
 s - a scroll of blinking {unknown}
Potions
 e - a potion of mutation {unknown}
 g - 2 potions of heal wounds {unknown}
 h - a potion of degeneration {unknown}
 k - a potion of brilliance {unknown}
 n - 3 potions of flight {unknown}
 p - 2 potions of agility {unknown}
 q - a potion of curing {unknown}
 v - a potion of might {unknown}
Books
 a - a book of Frost

   Spells                             Type                      Level
   a - Freeze                         Ice                          1
   b - Throw Frost                    Conjuration/Ice              2
   c - Ozocubu's Armour               Charms/Ice                   3
   d - Throw Icicle                   Conjuration/Ice              4
   e - Summon Ice Beast               Ice/Summoning                4
Comestibles
 b - 14 rations


   Skills:
 - Level 2.7 Dodging
 - Level 2.8 Stealth
 - Level 2.0 Spellcasting
   Level 0.8 Conjurations
 * Level 3.5 Charms
 + Level 5.1 Ice Magic


You had 3 spell levels left.
You knew the following spells:

 Your Spells              Type           Power        Failure   Level  Hunger
a - Freeze                Ice            ###.         2%          1    #......
b - Ozocubu's Armour      Chrm/Ice       ###.....     10%         3    ###....


Dungeon Overview and Level Annotations

Branches:
Dungeon (5/15)
 Temple: D:4-7

Altars:

Annotations:
D:4 Nr616's ghost, amateur HOBe


Innate Abilities, Weirdness & Mutations

You cannot wear armour.
You are incapable of wielding weapons or throwing items.
Your paws allow you to move quietly. (Stealth)
You have sharp claws.
You have razor-sharp teeth.
You have supernaturally acute eyesight. (SInv)
You are carnivorous and can eat meat at any time.
You cover ground quickly.
You are covered in fur. (AC +1)
You have a slow metabolism.
Your sharp claws are effective at attacking unaware monsters.


Message History

You start resting.
An ogre comes into view. It is wielding a giant club.
The ogre shouts!
You start resting.
Casting: Ozocubu's Armour
Confirm with . or Enter, or press ? or * to list all spells.
A film of ice covers your body!
Casting: Ozocubu's Armour
Confirm with . or Enter, or press ? or * to list all spells.
Aiming: Freeze
Press: ? - help, Shift-Dir - straight line, f - ogre
Aim: an ogre, wielding a giant club You freeze the ogre.
The ogre is lightly wounded.
The ogre hits you with a giant club!
Ouch! That really hurt!
You die...
You are now level 4!
You rejoin the land of the living...
Are you sure you want to abandon this character and quit the game? (Confirm with "yes".)

########.
#........
+........
#@.......
########.
≈≈≈≈
.≈.≈.
.≈≈≈


There were no monsters in sight!

Vanquished Creatures
  A jelly (D:5)
  An orc wizard (D:4)
  A worker ant (D:4)
  A gnoll (D:4)
  5 adders
  An ooze (D:3)
  4 worms
  2 dart slugs
  3 leopard geckos
  4 orcs (D:4)
  6 bats
  5 giant cockroaches
  5 goblins
  5 hobgoblins
  5 jackals
  2 quokkas (D:3)
  2 ball pythons
  2 frilled lizards
  14 kobolds
  11 rats
80 creatures vanquished.

Notes
Turn   | Place    | Note
-------+----------+-------------------------------------------
     0 | D:1      | inc the Felid Ice Elementalist began the quest for the Orb.
     0 | D:1      | Reached XP level 1. HP: 7/7 MP: 4/4
   284 | D:1      | Reached skill level 3 in Ice Magic
   303 | D:1      | Reached XP level 2. HP: 7/11 MP: 4/6
  1122 | D:2      | Reached XP level 3. HP: 14/14 MP: 1/7
  1341 | D:2      | Reached skill level 4 in Ice Magic
  1674 | D:2      | Reached XP level 4. HP: 18/18 MP: 5/8
  2205 | D:3      | Learned a level 3 spell: Ozocubu's Armour
  2701 | D:4      | Reached skill level 1 in Charms
  2795 | D:4      | Reached XP level 5. HP: 21/21 MP: 2/9
  2961 | D:4      | Noticed Nr616's ghost (amateur HOBe)
  2994 | D:4      | Reached skill level 5 in Ice Magic
  3401 | D:5      | Entered Level 5 of the Dungeon
  3406 | D:5      | HP: 1/21 [acid (9)]
  3716 | D:5      | Found a sand-covered staircase.
  3723 | Ossuary  | Entered an ossuary
  3973 | D:5      | Noticed an ogre
  3977 | D:5      | Slain by an ogre
  3978 | D:5      | Reached XP level 4. HP: 0/18 MP: 5/8
  3978 | D:5      | Quit the game

Skill      XL: |  1  2  3  4  5 |
---------------+----------------+-----
Ice Magic      | 3 4 5 |  5.1
Charms         | 2 3 |  3.5
Dodging        | |  2.7
Stealth        | |  2.8
Spellcasting   | |  2.0
Conjurations   | |  0.8

Action                   |  1- 3 |  4- 6 || total
-------------------------+-------+-------++-------
Melee: Unarmed           |    18 |    48 ||    66
       Bite              |       |     4 ||     4
 Cast: Freeze            |    59 |    63 ||   122
       Ozocubu's Armour  |       |     5 ||     5
 Stab: Sleeping          |     8 |     9 ||    17
  Eat: Chunk             |     2 |     5 ||     7
Armor: Skin              |     1 |     7 ||     8
Dodge: Dodged            |    50 |    69 ||   119
